Map: Ruins of Seras

Players

capac

  • Race: Terran Terran
  • League: Gold

A.I. 1 (Harder) - Winner!

  • Race: Protoss Protoss

VOD

Have the link to the VOD?

Description

Time

  • Played on: Feb. 20, 2016, 11:41 a.m.
  • Length: 10:09
Show
View Real Time Build Order
Export as new Build Order

capac Terran 

Build Orders:  

Get SALT Encoding   

  12  0:01  SCV  
  13  0:15  SCV  
  14  0:23  Supply Depot  
  14  0:27  SCV  
  15  0:43  Refinery  
  15  0:45  SCV  
  15  0:47  Barracks  
  16  0:58  SCV  
  17  1:10  SCV  
  18  1:23  SCV  
  19  1:35  SCV  
  19  1:36  Barracks Reactor  
  20  1:41  Command Center  
  20  1:51  SCV  
  20  1:53  Supply Depot  
  21  2:06  Orbital Command  
  21  2:12  Marine x2  
  23  2:24  Bunker  
  23  2:30  Marine x2  
  23  2:35  SCV  
  26  2:45  Factory  
  26  2:51  Barracks  
  26  2:56  Orbital Command  
  26  3:00  SCV  
  26  3:03  Marine x2  
  29  3:12  Refinery  
  29  3:21  SCV  
  29  3:22  SCV  
  29  3:26  Marine x2  
  33  3:32  Starport  
  33  3:37  Factory Reactor  
  33  3:43  SCV x2  
  35  3:48  Marine  
  35  3:49  Marine  
  35  3:51  Barracks Tech Lab  
  35  3:55  SCV x2  
  39  3:56  Refinery  
  39  4:07  Marine, SCV x2  
  39  4:09  Marine  
  43  4:17  Stimpack  
  43  4:19  SCV x2  
  45  4:31  SCV  
  46  6:20  Marine  
  46  6:21  Marine  
  46  6:22  Marine, SCV  
Show
View Real Time Build Order
Export as new Build Order

A.I. 1 (Harder) Protoss - Winner!

Build Orders:  

Get SALT Encoding   

  12  0:01  Probe (Chrono Boost)  
  13  0:11  Probe (Chrono Boost)  
  14  0:21  Pylon  
  14  0:22  Probe (Chrono Boost)  
  15  0:39  Probe (Chrono Boost)  
  16  0:48  Assimilator  
  16  0:50  Probe (Chrono Boost)  
  16  0:51  Gateway  
  17  1:00  Probe (Chrono Boost)  
  17  1:01  Pylon  
  18  1:11  Probe (Chrono Boost)  
  19  1:24  Probe (Chrono Boost)  
  20  1:38  Zealot  
  20  1:42  Cybernetics Core  
  20  1:46  Gateway  
  22  1:49  Assimilator  
  22  2:05  Pylon  
  22  2:16  Stalker  
  24  2:23  Warp Gate  
  24  2:31  Adept  
  26  2:45  Adept  
  28  2:52  Pylon  
  28  2:57  Zealot  
  30  3:11  Adept  
  33  3:21  Probe (Chrono Boost)  
  33  3:24  Adept  
  35  3:31  Pylon  
  35  3:32  Probe (Chrono Boost)  
  36  3:36  Adept  
  38  3:44  Probe (Chrono Boost)  
  39  3:51  Adept  
  39  3:52  Forge  
  42  3:56  Probe (Chrono Boost)  
  42  4:02  Adept  
  42  4:07  Probe (Chrono Boost)  
  45  4:16  Adept  
  45  4:19  Probe (Chrono Boost)  
  48  4:43  Protoss Ground Weapons Level 1, Stalker  
  50  4:45  Gateway  
  50  4:47  Pylon  
  50  4:51  Stalker  
  52  5:04  Sentry  
  54  5:12  Nexus, Pylon  
  54  5:21  Stalker  
  56  5:29  Stalker  
  58  5:42  Stalker  
  60  5:55  Twilight Council  
  60  6:08  Stalker  
  62  6:16  Stalker  
  62  6:24  Zealot  
  59  6:26  Probe (Chrono Boost), Blink  
  59  6:28  Probe (Chrono Boost)  
  59  6:30  Protoss Ground Armor Level 1  
  60  6:37  Probe (Chrono Boost)  
  62  6:40  Probe (Chrono Boost)  
  62  6:44  Zealot  
  64  6:48  Probe (Chrono Boost)  
  64  6:51  Probe (Chrono Boost)  
  66  6:55  Stalker  
  66  7:00  Probe (Chrono Boost)  
  69  7:03  Sentry  
  71  7:10  Robotics Facility  
  71  7:11  Probe (Chrono Boost)  
  71  7:13  Probe (Chrono Boost)  
  74  7:23  Probe (Chrono Boost)  
  74  7:24  Probe (Chrono Boost)  
  74  7:28  Pylon  
  75  7:32  Photon Cannon  
  75  7:34  Probe (Chrono Boost)  
  75  7:36  Probe (Chrono Boost)  
  77  7:43  Photon Cannon  
  77  7:46  Probe (Chrono Boost)  
  77  7:47  Pylon  
  77  7:48  Probe (Chrono Boost)  
  79  7:54  Pylon  
  79  7:55  Observer  
  79  7:57  Probe (Chrono Boost)  
  81  8:02  Stargate  
  81  8:08  Forge  
  81  8:14  Observer  
  81  8:15  Photon Cannon  
  81  8:17  Photon Cannon  
  82  8:37  Immortal  
  82  8:38  Assimilator  
  82  8:42  Assimilator  
  82  8:46  Gateway  
  86  8:50  Robotics Facility  
  86  8:56  Stargate  
  86  9:00  Nexus  
  86  9:06  Stalker x2  
  86  9:12  Warp Prism  
  88  9:17  Stalker x2  
  88  9:30  Zealot  
  92  9:41  Gateway  
  92  9:42  Zealot  
  94  9:48  Stalker  
  98  9:52  Pylon  
Tags
 
Add a new tag
Caveats
  • Supply blocks, unpowered buildings, or Contaminate may cause inaccurate times.
  • Supply counts are checked every 10 seconds.